 Dungeon Crawl Stone Soup version 0.30-a0-341-g682706514a (webtiles) character file.

Game seed: 12034507764212328300

619 Harunobu the Trooper (level 7, -6/45 HPs)
             Began as a Gargoyle Monk on Nov 1, 2022.
             Mangled by Blork the orc
             ... wielding a +0 glaive
              (14 damage)
             ... on level 5 of the Dungeon.
             The game lasted 00:07:03 (3934 turns).

Harunobu the Trooper (Gargoyle Monk)                Turns: 3934, Time: 00:07:03

Health: -6/45      AC:  8    Str: 17    XL:     7   Next: 46%
Magic:  7/7        EV: 13    Int: 16    God:
Gold:   246        SH:  3    Dex: 12    Spells: 6/6 levels left

rFire   . . .      SeeInvis .    w - +2 whip (distort)
rCold   . . .      Faith    .    z - +0 buckler
rNeg    + . .      Spirit   .    b - +0 robe
rPois   ∞          Reflect  .    (no helmet)
rElec   +          Harm     .    l - scarf {+Inv}
rCorr   .          Rampage  .    g - +0 pair of gloves
Will    .....                    p - +0 pair of boots
Stlth   +++.......               (no amulet)
HPRegen 0.27/turn                B - +6 ring of intelligence
MPRegen 0.10/turn                (no ring)

@: no status effects
A: sickness immunity, AC +4, negative energy resistance 1, electricity
resistance, torment resistance 1, petrification resistance
a: Evoke Invisibility


You were on level 5 of the Dungeon.
You visited 1 branch of the dungeon, and saw 5 of its levels.

You collected 246 gold pieces.

Inventory:

Hand Weapons
 a - a +0 mace
 s - a +0 long sword
 w - a +2 whip of distortion (weapon)
Armour
 b - a +0 robe (worn)
 g - a +0 pair of gloves (worn)
 i - a +0 cloak
 l - a scarf of invisibility (worn)
 p - a +0 pair of boots (worn)
 z - a +0 buckler (worn)
Jewellery
 B - a +6 ring of intelligence (left hand)
Scrolls
 e - a scroll of noise {unknown}
 f - 2 scrolls of magic mapping {unknown}
 j - a scroll of fog {unknown}
 k - 6 scrolls of identify {unknown}
 n - 4 scrolls of enchant armour {unknown}
 o - a scroll of enchant weapon {unknown}
 r - 3 scrolls of immolation {unknown}
 u - a scroll of torment {unknown}
 y - a scroll of teleportation {unknown}
 A - 2 scrolls of vulnerability {unknown}
Potions
 c - a potion of ambrosia
 d - 2 potions of cancellation {unknown}
 h - 2 potions of brilliance {unknown}
 m - 2 potions of might {unknown}
 q - 3 potions of curing {unknown}
 t - 3 potions of heal wounds {unknown}
 v - 2 potions of invisibility
 x - 3 potions of mutation {unknown}
 C - a potion of resistance {unknown}


   Skills:
 + Level 5.9 Fighting
 - Level 3.0 Maces & Flails
 + Level 4.4 Dodging
 + Level 5.7 Stealth


You had 6 spell levels left.
You didn't know any spells.
Your spell library contained the following spells:

 Spells                   Type           Power      Damage    Failure   Level
 Magic Dart               Conj           0%         1d3       34%         1
 Necrotise                Necr           0%         1d4       34%         1
 Slow                     Hex            0%         N/A       34%         1
 Call Imp                 Summ           0%         N/A       45%         2
 Wereblood                Tmut           0%         N/A       45%         2
 Confusing Touch          Hex            0%         N/A       71%         3
 Mephitic Cloud           Conj/Pois/Air  0%         N/A       71%         3
 Portal Projectile        Hex/Tloc       0%         N/A       71%         3
 Stone Arrow              Conj/Erth      0%         3d7       71%         3
 Tukima's Dance           Hex            0%         N/A       71%         3
 Vampiric Draining        Necr           0%         2d6       71%         3
 Animate Armour           Summ/Erth      0%         N/A       98%         4
 Agony                    Necr           0%         N/A       100%        5
 Blade Hands              Tmut           0%         N/A       100%        5
 Summon Hydra             Summ           0%         N/A       100%        7
 Lehudib's Crystal Spear  Conj/Erth      0%         10d2      100%        8
 Sublimation of Blood     Necr           Unusable   N/A       N/A         2

Dungeon Overview and Level Annotations

Branches:
Dungeon (5/15)
 Temple: D:4-7

Altars:
Ashenzari
The Shining One

Annotations:
D:5 Blork the orc


Innate Abilities, Weirdness & Mutations

You are immune to sickness and miasma.
Your stone body is resilient. (AC +4)
You are immune to poison.
You resist negative energy. (rN+)
You are resistant to electric shocks. (rElec)
You are resistant to unholy torment.
You are immune to petrification.


Message History

You pick up a book of Armaments and begin reading...
You add the spells Stone Arrow, Animate Armour and Lehudib's Crystal Spear to your library.
You see here a +0 scale mail.
You now have 242 gold pieces (gained 10).
You now have 246 gold pieces (gained 4).
You see here a +0 giant spiked club.
Found a stone staircase leading down.
You see here a +0 robe.
A necrophage comes into view.
Blork the orc comes into view.
He is wielding a +0 glaive.
The necrophage hits you but does no damage.
You hit the necrophage.
Space warps around the necrophage.
The necrophage is moderately damaged.
Blork the orc mumbles some strange words.
Blork the orc seems to speed up.
The necrophage barely misses you.
You hit the necrophage.
The necrophage is heavily damaged.
You hit the necrophage.
Space warps around the necrophage.
The necrophage is severely damaged.
The necrophage hits you.
Blork the orc points at you and mumbles some strange words.
The puff of flame hits you!
You hit the necrophage but do no damage.
The necrophage is severely damaged.
The necrophage blinks!
Blork the orc gestures at you while chanting.
The magic dart hits you.
Blork the orc drinks a potion.
Blork the orc flickers and vanishes!
Deactivating autopickup; reactivate with Ctrl-A.
Something hits you! Something hits you but does no damage.
The necrophage hits you. Something hits you!
* * * LOW HITPOINT WARNING * * *
You whack the necrophage!
Space warps around the necrophage.
You destroy the necrophage!
You hear some strange, mumbled words.
A puff of frost appears from out of thin air!
The puff of frost misses you. Something hits you!
You die...

############
...........#
...........# ########
...........# #.......
...........# #.######
......{@†..# #.# #
...........######.######
........................
###....#########........
##### #.####### ♣♣♣.♣
♣♣♣♣ ♣♣...♣ ♣>.♣♣
♣♣..♣♣♣ ♣♣..♣♣♣♣ ♣..♣♣ ♣


There were no monsters in sight!

Vanquished Creatures
  An ogre (D:5)
  A phantom (D:5)
  A necrophage (D:5)
  A killer bee (D:5)
  2 jellies
  A hound (D:5)
  3 gnolls (D:3)
  4 adders
  A shadow imp (D:5)
  A white imp (D:5)
  2 worms
  3 dart slugs
  An orc (D:4)
  7 bats
  11 endoplasms
  5 giant cockroaches
  9 goblins
  5 hobgoblins
  A jackal (D:2)
  4 quokkas
  6 ball pythons
  4 frilled lizards
  13 kobolds
  5 rats
92 creatures vanquished.

Vanquished Creatures (others)
  2 fungi (D:2)
  4 toadstools (D:2)
6 creatures vanquished.

Grand Total: 98 creatures vanquished

Notes
Turn   | Place    | Note
-------+----------+-------------------------------------------
     0 | D:1      | Harunobu the Gargoyle Monk began the quest for the Orb.
     0 | D:1      | Reached XP level 1. HP: 14/14 MP: 1/1
   367 | D:1      | Reached XP level 2. HP: 19/19 MP: 2/2
   639 | D:1      | Reached XP level 3. HP: 24/24 MP: 3/3
   992 | D:2      | Found a faded altar of an unknown god.
  1460 | D:2      | Reached XP level 4. HP: 25/29 MP: 4/4
  2436 | D:3      | Reached XP level 5. HP: 34/34 MP: 5/5
  2436 | D:3      | Found a glowing golden altar of the Shining One.
  2553 | D:3      | Found a broken altar of Ashenzari.
  3466 | D:5      | Entered Level 5 of the Dungeon
  3549 | D:5      | Noticed a black bear
  3555 | D:5      | Banished a black bear
  3556 | D:5      | Reached skill level 5 in Fighting
  3556 | D:5      | Reached XP level 6. HP: 39/40 MP: 6/6
  3602 | D:5      | Reached skill level 5 in Stealth
  3801 | D:5      | Reached XP level 7. HP: 37/44 MP: 7/7
  3923 | D:5      | Noticed Blork the orc
  3934 | D:5      | Mangled by Blork the orc

Illustrated notes

Levels and vault maps discovered:
D:1:      onia_arrival_pyramid, layout_loops_ring
D:2:      minmay_skewed_foursquare, layout_loops_ring,
          ebering_ecumenical_altar_petrified, st_stairs_1,
          minmay_gold_behind_fungi
D:3:      layout_loops_cross, tso_oasis_becter, ashenzari_altar_1
D:4:      layout_loops_ring, minmay_misc_feat_five
D:5:      kb_forest_paths, layout_basic, minmay_misc_feat_rugged,
          minmay_fractal_squares_diagonal_5, uniq_blork_the_orc, uniq_ijyb

Skill      XL: |  1  2  3  4  5  6 |
---------------+-------------------+-----
Stealth        | 3 4 5 |  5.7
Fighting       | 4 5 |  5.9
Dodging        | 3 4 |  4.4
Maces & Flails | |  3.0

Action                   |  1- 3 |  4- 6 |  7- 9 || total
-------------------------+-------+-------+-------++-------
Melee: Mace              |   137 |    22 |       ||   159
       Punch             |     1 |     1 |       ||     2
       Long sword        |       |    32 |       ||    32
       Whip              |       |    70 |    12 ||    82
 Stab: Sleeping          |     4 |    17 |       ||    21
Armor: Robe              |    76 |    31 |     5 ||   112
Dodge: Dodged            |   104 |    74 |     4 ||   182
Block: Buckler           |       |     3 |       ||     3

Table legend: (Time is in decaauts)
 A = Elapsed time spent in this place.
 B = Non-inter-level travel time spent in this place.
 C = Inter-level travel time spent in this place.
 D = Time resting spent in this place.
 E = Time spent auto-exploring this place.
 F = Levels seen in this place.
 G = Mean time per level.
                   A        B        C        D        E       F      G
               +--------+--------+--------+--------+--------+-----+--------+
         Total |   3983 |   3893 |     90 |    523 |   2310 |   5 |  796.6 |
       Dungeon |   3983 |   3893 |     90 |    523 |   2310 |   5 |  796.6 |
               +--------+--------+--------+--------+--------+-----+--------+

Top non-repeatable levels by time:
     D:2: 1119 daAuts
     D:1: 928 daAuts
     D:4: 771 daAuts
     D:3: 696 daAuts
     D:5: 466 daAuts
